 Dungeon Crawl Stone Soup version 0.20.1-1-g8b1a95d (webtiles) character file.

7864 exaltech the Destroyer (level 11, -2/91 HPs)
             Began as a Pale Draconian Conjurer on Dec 8, 2017.
             Was a Priest of Vehumet.
             Slain by a death yak (26 damage)
             ... on level 8 of the Dungeon.
             The game lasted 00:30:47 (11950 turns).

exaltech the Destroyer (Pale Draconian Conjurer)   Turns: 11950, Time: 00:30:49

Health: -2/91      AC: 10    Str: 11    XL:     11   Next: 2%
Magic:  10/20      EV: 12    Int: 22    God:    Vehumet [***...]
Gold:   494        SH:  0    Dex: 12    Spells: 2/22 levels left

rFire    + . .     SeeInvis .   I - +5 war axe "Giantslayer" {drain, rElec}
rCold    . . .     Gourm    .   (no shield)
rNeg     + . .     Faith    .   (armour unavailable)
rPois    .         Spirit   .   (helmet restricted)
rElec    +         Reflect  .   U - +1 cloak "Uhupries" {rN+ Slay+4}
rCorr    .         Harm     .   Q - +0 pair of gloves of Lorhi {Int+4}
MR       .....                  (no boots)
Stlth    ++........             G - amulet of magic regeneration
Regen    0.3/turn               F - ring of protection from fire
MPRegen  0.3/turn               (no ring)

@: short of breath, very slightly contaminated
A: breathe steam, unfitting armour, cold-blooded, AC +7
a: Breathe Steam, Renounce Religion


You were on level 8 of the Dungeon.
You worshipped Vehumet.
Vehumet was most pleased with you.
You were hungry.

You visited 2 branches of the dungeon, and saw 12 of its levels.

You collected 494 gold pieces.

Inventory:

Hand Weapons
 j - a +1 dagger of flaming
 x - a +1 hand axe of chopping
 I - the +5 war axe "Giantslayer" (weapon) {drain, rElec}
   (You found it on level 8 of the Dungeon)

   A truly terrible weapon, it drains the life of those it strikes.
   It insulates you from electricity.
Armour
 s - a +0 cloak
 J - the +0 cloak "Sefyp" {rN+ rCorr}
   (You found it on level 8 of the Dungeon)

   It protects you from negative energy.
   It protects you from acid and corrosion.
 Q - the +0 pair of gloves of Lorhi (worn) {Int+4}
   (You found it on level 9 of the Dungeon)

   It affects your intelligence (+4).
 U - the +1 cloak "Uhupries" (worn) {rN+ Slay+4}
   (You found it on level 10 of the Dungeon)

   It affects your accuracy and damage with ranged weapons and melee attacks
   (+4).
   It protects you from negative energy.
Jewellery
 F - a ring of protection from fire (left hand)
 G - an amulet of magic regeneration (around neck)
 M - an uncursed ring of protection from fire
 T - an uncursed amulet of faith {unknown}
 W - an uncursed ring of protection from magic {unknown}
 X - a cursed amulet of inaccuracy {unknown}
 Y - an uncursed ring of protection from magic {unknown}
Wands
 f - a wand of digging (12/24)
 E - a wand of random effects (45/48)
 H - a wand of acid (6/15)
 S - a wand of paralysis (18/24)
 Z - a wand of random effects (32/48)
Scrolls
 d - 7 scrolls of identify
 e - 2 scrolls of amnesia
 i - 3 scrolls of recharging
 m - 4 scrolls of remove curse
 o - a scroll of magic mapping {unknown}
 r - 2 scrolls of blinking {unknown}
 y - 4 scrolls of fear {unknown}
 A - 2 scrolls of enchant weapon {unknown}
 K - 2 scrolls of enchant armour {unknown}
 N - a scroll of random uselessness {unknown}
 O - 2 scrolls of teleportation {unknown}
 P - a scroll of fog {unknown}
 V - a scroll of torment {unknown}
Potions
 c - a potion of magic
 k - 2 potions of curing
 l - 2 potions of haste {unknown}
 p - 3 potions of resistance {unknown}
 q - 2 potions of invisibility
 t - a potion of agility
 u - a potion of heal wounds {unknown}
 v - 2 potions of degeneration {unknown}
 w - a potion of mutation {unknown}
 z - 2 potions of might {unknown}
 D - 2 potions of flight {unknown}
 R - a potion of brilliance {unknown}
Books
 a - a book of Conjurations

   Spells                             Type                      Level
   a - Magic Dart                     Conjuration                  1
   b - Searing Ray                    Conjuration                  2
   c - Dazzling Spray                 Conjuration/Hexes            3
   d - Fulminant Prism                Conjuration/Hexes            4
   e - Force Lance                    Conjuration/Translocation    4
   f - Iskenderun's Mystic Blast      Conjuration                  4
 B - a book of Clouds

   Spells                             Type                      Level
   a - Poisonous Vapours              Poison/Air                   2
   b - Mephitic Cloud                 Conjuration/Poison/Air       3
   c - Conjure Flame                  Conjuration/Fire             3
   d - Freezing Cloud                 Conjuration/Ice/Air          6
   e - Ring of Flames                 Charms/Fire                  7
 C - a book of Maledictions

   Spells                             Type                      Level
   a - Corona                         Hexes                        1
   b - Ensorcelled Hibernation        Hexes/Ice                    2
   c - Confuse                        Hexes                        3
   d - Tukima's Dance                 Hexes                        3
   e - Dazzling Spray                 Conjuration/Hexes            3
Miscellaneous
 L - a lightning rod (4/4)
Comestibles
 b - a bread ration
 g - 5 fruits
 h - 13 royal jellies
 n - 9 meat rations


   Skills:
 + Level 6.7 Fighting
 * Level 2.3 Axes
 - Level 1.7 Dodging
 - Level 1.7 Stealth
 + Level 6.0 Spellcasting
 * Level 14.2 Conjurations


You had 2 spell levels left.
You knew the following spells:

 Your Spells              Type           Power        Failure   Level  Hunger
a - Magic Dart            Conj           ####         1%          1    None
b - Searing Ray           Conj           ######       1%          2    None
c - Sting                 Conj/Pois      ####         1%          1    None
d - Force Lance           Conj/Tloc      #####...     1%          4    ###....
e - Poisonous Vapours     Pois/Air       #.....       14%         2    None
f - Mephitic Cloud        Conj/Pois/Air  ####....     1%          3    #......
g - Stone Arrow           Conj/Erth      #####.       1%          3    #......
h - Sticky Flame          Conj/Fire      #####...     1%          4    ###....


Dungeon Overview and Level Annotations

Branches:
Dungeon (11/15)            Temple (1/1) D:5            Lair (0/6) D:8
    Orc (0/2) D:11

Altars:
Ashenzari
Cheibriados
Dithmenos
Elyvilon
Fedhas
Gozag
Makhleb
Nemelex Xobeh
Okawaru
Qazlal
Ru
Sif Muna
Trog
Uskayaw
Vehumet
Xom
Yredelemnul
Zin
The Shining One

Shops:
D:7 }   D:9 %

Annotations:
D:3 Sigmund
D:4 Pikel


Innate Abilities, Weirdness & Mutations

You can breathe blasts of scalding, opaque steam.
Your pale cyan-grey scales are hard. (AC +7)
You cannot fit into any form of body armour.
You are cold-blooded and may be slowed by cold attacks.


Message History

You exhale a blast of scalding steam.
The ball of steam hits the death yak.
The death yak is moderately wounded.
The ball of steam hits the death yak.
The death yak is severely wounded.
You feel somewhat more hungry. The death yak gores you!
* * * LOW HITPOINT WARNING * * *
Unknown command.
Casting: Stone Arrow
Confirm with . or Enter, or press ? or * to list all spells.
Aiming: Sticky Flame
Press: ? - help, Shift-Dir - straight line, f - death yak
Aim: a death yak (steam, moderately wounded)
The sticky flame hits the death yak.
The death yak is moderately wounded.
The death yak is covered in liquid flames!
You are feeling hungry.
The death yak burns!
The death yak is engulfed in a cloud of scalding steam.
The death yak gores you!!
You die...

#.# #.#...#..# #?.. #$$...#
##.# #.#..##..# #.. .......#
...###....Y...# #.#........#
......##......###..Y..$...)#
....#.....#####..........#.#
......#########.####.#.###.##
..##### #....ยง.Y# #.......(#
.## ###.####YY## ########.#
.## #........#@## #.# ..#
#.#.##..###.# #.# ..#
#.#.##...#.## #.# ..#
#.#.......######## #.#
..#####.#......###.....# #.#
......#.##.##.####.....#
#.###
.......................#
#...#
......####.#.##.##.....#
###.### ..#####
#.#[##.##.....# #......


You could see 3 death yaks.

Vanquished Creatures
  A death yak (D:8)
  An ugly thing (D:11)
  A deep elf mage (D:9)
  A centaur zombie (D:10)
  A troll (D:9)
  Prince Ribbit (D:5)
  2 hornets
  A shadow (D:11)
  5 yaks (D:10)
  4 humans (D:7)
  A steam dragon (D:11)
  An orc warrior (D:9)
  A slave (D:4)
  7 ice beasts
  2 ogres
  A phantom (D:5)
  3 sky beasts
  An eye of draining (D:11)
  2 centaurs
  2 big kobolds
  3 bullfrogs
  3 scorpions
  7 killer bees
  2 howler monkeys (D:6)
  5 crimson imps
  A centaur skeleton (D:4)
  3 hounds
  6 jellies
  4 orc priests
  Crazy Yiuf (D:2)
  A bullfrog skeleton (D:8)
  3 iguanas
  12 orc wizards
  3 worker ants
  2 hound skeletons
  A mummy (D:6)
  A howler monkey zombie (D:5)
  3 gnolls (D:9)
  A howler monkey skeleton (D:4)
  14 adders
  2 shadow imps
  6 oozes
  A worm (D:3)
  3 leopard geckos (D:1)
  34 orcs
  7 giant cockroaches
  4 hobgoblins
  6 jackals (D:2)
  3 ball pythons
  A ball python skeleton (D:5)
  4 bats
  3 frilled lizards
  9 goblins
  A jackal skeleton (D:4)
  16 kobolds
  A leopard gecko zombie (D:5)
  A quokka skeleton (D:9)
  7 rats
224 creatures vanquished.

Notes
Turn   | Place    | Note
-------+----------+-------------------------------------------
     0 | D:1      | exaltech the Draconian Conjurer began the quest for the Orb.
     0 | D:1      | Reached XP level 1. HP: 14/14 MP: 3/3
   334 | D:1      | Reached XP level 2. HP: 20/20 MP: 0/5
   388 | D:1      | Learned a level 2 spell: Searing Ray
   466 | D:1      | Found a shattered altar of Ashenzari.
   981 | D:2      | Reached skill level 5 in Conjurations
   981 | D:2      | Reached XP level 3. HP: 26/26 MP: 3/6
  1284 | D:2      | Found a stormy altar of Qazlal.
  1307 | D:2      | Found a runed door.
  1350 | D:2      | Found a snail-covered altar of Cheibriados.
  1350 | D:2      | Found a stormy altar of Qazlal.
  1352 | D:2      | Found an iron altar of Okawaru.
  1352 | D:2      | Found a shimmering altar of Xom.
  1352 | D:2      | Found a shimmering altar of Xom.
  1739 | D:2      | Reached XP level 4. HP: 31/33 MP: 3/7
  2027 | D:2      | Noticed Crazy Yiuf
  2031 | D:2      | Killed Crazy Yiuf
  2031 | D:2      | Reached skill level 6 in Conjurations
  2700 | D:3      | Reached XP level 5. HP: 38/38 MP: 6/8
  2711 | D:3      | Noticed Sigmund
  2866 | D:4      | Found a glowing golden altar of the Shining One.
  2895 | D:4      | Noticed an ogre
  2910 | D:4      | Killed an ogre
  2910 | D:4      | Reached skill level 7 in Conjurations
  2910 | D:4      | Reached XP level 6. HP: 10/45 MP: 0/9
  3179 | D:4      | Noticed a slave
  3212 | D:4      | Killed a slave
  3639 | D:4      | Noticed a slave
  3640 | D:4      | Noticed Pikel
  3640 | D:4      | Noticed a slave
  3641 | D:4      | Noticed a slave
  3662 | D:5      | Entered Level 5 of the Dungeon
  3898 | D:5      | Reached skill level 8 in Conjurations
  4050 | D:5      | Found a staircase to the Ecumenical Temple.
  4065 | Temple   | Entered the Ecumenical Temple
  4228 | Temple   | Became a worshipper of Vehumet
  4306 | D:5      | Your scales start taking on a pale cyan-grey colour.
  4306 | D:5      | Reached XP level 7. HP: 45/50 MP: 10/10
  4423 | D:5      | Reached skill level 9 in Conjurations
  4821 | D:5      | Noticed Prince Ribbit
  4827 | D:5      | Killed Prince Ribbit
  4868 | D:5      | Reached skill level 10 in Conjurations
  4868 | D:5      | Reached XP level 8. HP: 37/57 MP: 4/11
  5506 | D:5      | Found a shattered altar of Ashenzari.
  5601 | D:6      | Reached * piety under Vehumet
  5601 | D:6      | Offered knowledge of Sting by Vehumet.
  5611 | D:6      | Reached skill level 11 in Conjurations
  5694 | D:6      | Learned a level 1 spell: Sting
  5699 | D:6      | Learned a level 4 spell: Force Lance
  6137 | D:6      | Found a deep blue altar of Sif Muna.
  6137 | D:6      | Found a blossoming altar of Fedhas.
  6142 | D:6      | Found a snail-covered altar of Cheibriados.
  6283 | D:6      | Learned a level 2 spell: Poisonous Vapours
  6312 | D:6      | Found a burning altar of Makhleb.
  6497 | D:6      | Reached skill level 1 in Fighting
  6510 | D:6      | Found a basalt altar of Yredelemnul.
  6513 | D:6      | Found a bloodstained altar of Trog.
  6516 | D:6      | Found a shadowy altar of Dithmenos.
  6759 | D:7      | Reached XP level 9. HP: 48/67 MP: 3/13
  6777 | D:7      | Reached skill level 12 in Conjurations
  7950 | D:7      | Found an opulent altar of Gozag.
  7956 | D:7      | Found Payfuju's Gadget Boutique.
  8204 | D:8      | Got a brightly glowing war axe
  8205 | D:8      | Identified the +5 war axe "Giantslayer" {drain, rElec} (You found it on level 8 of the Dungeon)
  8254 | D:8      | Offered knowledge of Shock by Vehumet.
  8286 | D:8      | Got a distressingly furry cloak
  8297 | D:8      | Identified the cursed +0 cloak "Sefyp" {rN+ rCorr} (You found it on level 8 of the Dungeon)
  8344 | D:8      | Reached ** piety under Vehumet
  8381 | D:8      | Noticed a death yak
  8515 | D:8      | Killed a death yak
  8787 | D:8      | Found a staircase to the Lair.
  8790 | D:8      | Noticed a death yak
  8854 | D:8      | Noticed a death yak
  8912 | D:9      | Reached skill level 13 in Conjurations
  8985 | D:9      | Learned a level 3 spell: Mephitic Cloud
  9088 | D:9      | Found a shimmering altar of Xom.
  9088 | D:9      | Noticed a deep elf mage
  9094 | D:9      | Killed a deep elf mage
  9094 | D:9      | Reached skill level 5 in Fighting
  9094 | D:9      | Reached XP level 10. HP: 70/81 MP: 15/17
  9347 | D:9      | Found Niuwuukh's Food Emporium.
  9447 | D:9      | Got a pair of twisted gloves
  9453 | D:9      | Identified the +0 pair of gloves of Lorhi {Int+4} (You found it on level 9 of the Dungeon)
  9647 | D:10     | Entered Level 10 of the Dungeon
  9655 | D:10     | Offered knowledge of Stone Arrow by Vehumet.
  9655 | D:10     | Reached skill level 5 in Spellcasting
  9660 | D:10     | Learned a level 3 spell: Stone Arrow
 10742 | D:10     | Reached *** piety under Vehumet
 10914 | D:10     | Got a pitted cloak
 10919 | D:10     | Reached skill level 14 in Conjurations
 11106 | D:10     | Identified the +1 cloak "Uhupries" {rN+ Slay+4} (You found it on level 10 of the Dungeon)
 11367 | D:10     | Offered knowledge of Sticky Flame by Vehumet.
 11379 | D:10     | Learned a level 4 spell: Sticky Flame
 11421 | D:11     | Found a staircase to the Orcish Mines.
 11454 | D:11     | Reached skill level 1 in Axes
 11658 | D:11     | Noticed a red ugly thing
 11683 | D:11     | Killed a red ugly thing
 11782 | D:11     | Reached XP level 11. HP: 83/91 MP: 18/20
 11827 | D:11     | Noticed a brown ugly thing
 11932 | D:8      | Noticed a death yak
 11933 | D:8      | Noticed a death yak
 11950 | D:8      | Slain by a death yak

Skill      XL: |  1  2  3  4  5  6  7  8  9 10 |
---------------+-------------------------------+-----
Conjurations   | 5 6 7 8 10 11 13 14 | 14.2
Fighting       | 1 5 6 |  6.7
Spellcasting   | 4 6 |  6.0
Axes           | 2 |  2.3
Dodging        | |  1.7
Stealth        | |  1.7

Action                   |  1- 3 |  4- 6 |  7- 9 | 10-12 || total
-------------------------+-------+-------+-------+-------++-------
Melee: Unarmed           |     4 |       |       |       ||     4
       Dagger            |    31 |    81 |       |       ||   112
       Tailslap          |       |    10 |    10 |    11 ||    31
       Hand axe          |       |    11 |    95 |       ||   106
       War axe           |       |       |    30 |    83 ||   113
 Cast: Magic Dart        |    66 |    58 |    82 |    81 ||   287
       Searing Ray       |       |     7 |    28 |    14 ||    49
       Sting             |       |       |     5 |     3 ||     8
       Poisonous Vapours |       |       |     2 |     1 ||     3
       Force Lance       |       |       |     1 |     4 ||     5
       Stone Arrow       |       |       |       |    14 ||    14
       Mephitic Cloud    |       |       |       |     6 ||     6
       Sticky Flame      |       |       |       |     4 ||     4
 Abil: Breathe Steam     |       |       |    16 |    12 ||    28
  Use: Potion            |       |       |     1 |     1 ||     2
       Scroll            |       |       |     5 |       ||     5
 Stab: Distracted        |     1 |       |       |       ||     1
       Sleeping          |       |     1 |     1 |     1 ||     3
       Confused          |       |       |       |     2 ||     2
  Eat: Chunk             |     3 |    10 |    11 |     6 ||    30
       Bread ration      |       |       |     2 |     1 ||     3
       Fruit             |       |       |       |     1 ||     1
Armor: Skin              |     7 |    35 |    49 |    33 ||   124
Dodge: Dodged            |    26 |    75 |   131 |    74 ||   306
